cohdb
Replays
Latest Replays
All Replays
Popular Replays
Top Player Replays
Match Explorer
How It Works
Community
CoH3 Stats
Reddit
Sign in to upload your games and track your stats! →
Sign in with Steam
Match 44613794
Unlisted
Match 44613794
Overview
Messages
Build Orders
End
Construct Infanterie Kompanie
Pioneer Squad
Selects Breakthrough Battlegroup
Selects Assault Grenadiers
Grenadier Squad
Grenadier Squad
Grenadier Squad
Construct Luftwaffe Kompanie
221 Scout Car
Selects Rapid Production
GrW 34 Mortar Team
Jäger Squad
Support Elements
Selects Breakthrough
Wirbelwind Flakpanzer
Wirbelwind Flakpanzer
MG 42 Machine Gun Team
Wirbelwind Flakpanzer
Selects Blitzkrieg
Selects Tiger Heavy Tank
Tiger Heavy Tank
咚咚锵个腿
Maximus Jenius
0
0
Comments
sign in to comment!
No comments posted yet!